AoeStats
← HundredEyes

Black Forest

510326440Analyzed
3v3 RM · 1d ago on Sep 30, 2026· 62m 34s· 6 players
Game mode
Random Map
Map size
Normal (6 player)
Population
200
Speed
Normal
Resources
Standard
Victory
Conquest
Starting age
Dark Age
Ending age
Imperial Age
RankedLock teamsTeams togetherTeam positionsShared explorationLock speedFull tech treeHidden civsTurbo modeCheats
Victory
Defeat
🇹🇷 Koreans · Türkiye
888
+15
🇱🇻 Turks · Latvia
869
+16
🇪🇸 Slavs · Spain
815
+18
🇨🇳 Britons · China
930
-19
🇰🇷 Goths · South Korea
855
-16
🇪🇸 Mongols · Spain
803
-14
AE75
0:33 Loom
13:05 Feudal Age
13:41 Double-Bit Axe
20:37 Castle Age
18:38 Horse Collar
19:01 Stone Mining
21:08 Wheelbarrow
22:13 Bow Saw
22:07 Heavy Plow
33:28 Imperial Age
31:14 Hand Cart
30:47 Town Watch
31:14 Gold Mining
33:10 Gold Shaft Mining
33:41 Fortified Wall
33:42 Masonry
33:29 Murder Holes
34:01 Scale Barding Armor
34:52 Conscription
35:39 Two-Man Saw
35:00 Husbandry
35:10 Bloodlines
36:36 Bombard Tower
36:02 Arrowslits
37:30 Chain Barding Armor
40:27 Architecture
40:18 Ballistics
39:49 Heated Shot
52:39 Treadmill Crane
61:24 Plate Barding Armor
Get Rekt
2:00 Loom
14:41 Feudal Age
15:19 Double-Bit Axe
15:15 Horse Collar
17:48 Stone Mining
20:07 Castle Age
18:36 Gold Mining
20:16 Wheelbarrow
19:35 Stone Mining
23:25 Masonry
25:35 Heavy Plow
25:47 Bow Saw
29:02 Eupseong
29:46 Town Watch
34:22 Imperial Age
32:36 Hand Cart
32:35 Town Patrol
32:36 Murder Holes
33:02 Ballistics
34:45 Gold Shaft Mining
36:12 Stone Shaft Mining
36:39 Conscription
37:28 Chemistry
38:19 Two-Man Saw
37:24 Light Cavalry
38:31 Husbandry
37:53 Pikeman
37:55 Elite Fire Lancer
38:08 Hussar
39:32 Forging
39:22 Scale Mail Armor
39:27 Scale Barding Armor
39:12 Fletching
39:48 Elite Skirmisher
40:57 Arrowslits
43:07 Caravan
44:02 Bodkin Arrow
44:29 Chain Barding Armor
44:33 Elite War Wagon
47:43 Bracer
48:18 Iron Casting
57:19 Chain Mail Armor
57:12 Siege Engineers
57:22 Masonry
57:05 Heated Shot
62:33 Plate Mail Armor
TrakaTra
0:47 Loom
13:26 Feudal Age
20:26 Castle Age
19:54 Wheelbarrow
19:10 Double-Bit Axe
19:08 Horse Collar
19:21 Gold Mining
21:50 Wheelbarrow
21:23 Heavy Plow
22:23 Bow Saw
22:26 Stone Mining
25:27 Gold Shaft Mining
26:46 Fortified Wall
28:24 Hand Cart
30:32 Caravan
31:08 Coinage
36:00 Imperial Age
34:59 Town Watch
35:55 Squires
35:16 Pikeman
36:03 Detinets
36:33 Ballistics
36:26 Forging
36:17 Scale Mail Armor
36:23 Scale Barding Armor
36:09 Fletching
36:20 Padded Archer Armor
36:38 Town Patrol
38:03 Two-Man Saw
37:42 Crop Rotation
39:02 Husbandry
39:16 Bloodlines
40:50 Banking
41:28 Chemistry
41:10 Iron Casting
40:51 Chain Mail Armor
40:56 Chain Barding Armor
41:07 Halberdier
41:54 Druzhina
41:19 Elite Skirmisher
41:58 Heavy Scorpion
43:51 Bodkin Arrow
44:12 Leather Archer Armor
44:58 Blast Furnace
44:29 Plate Mail Armor
44:34 Plate Barding Armor
44:16 Elite Boyar
46:07 Ring Archer Armor
49:06 Capped Ram
49:17 Capped Ram
49:18 Onager
50:54 Murder Holes
51:10 Masonry
51:05 Siege Engineers
52:46 Cavalier
52:47 Light Cavalry
HundredEyes
0:29 Loom
11:09 Feudal Age
16:49 Double-Bit Axe
16:58 Gold Mining
16:59 Stone Mining
16:52 Horse Collar
22:43 Castle Age
33:04 Imperial Age
31:29 Wheelbarrow
33:19 Hand Cart
32:49 Town Watch
34:50 Heavy Plow
35:43 Fletching
35:54 Padded Archer Armor
36:00 Scale Barding Armor
36:06 Forging
37:55 Caravan
38:25 Bodkin Arrow
38:46 Leather Archer Armor
38:51 Chain Barding Armor
39:56 Conscription
38:57 Elite Mangudai
39:03 Light Cavalry
39:43 Husbandry
39:54 Bloodlines
39:50 Bracer
40:27 Iron Casting
40:17 Town Patrol
40:41 Thumb Ring
41:02 Parthian Tactics
40:00 Hussar
41:02 Ballistics
40:54 Masonry
42:50 Chemistry
42:31 Fortified Wall
46:45 Siege Engineers
rananculus
0:29 Loom
12:58 Feudal Age
15:30 Double-Bit Axe
16:40 Town Watch
23:41 Castle Age
21:27 Horse Collar
22:26 Stone Mining
22:33 Gold Mining
25:45 Wheelbarrow
25:27 Bow Saw
25:54 Heavy Plow
30:24 Hand Cart
37:42 Imperial Age
36:07 Man-at-Arms
36:09 Pikeman
36:49 Squires
36:55 Scale Mail Armor
37:06 Forging
36:44 Long Swordsman
37:28 Anarchy
38:11 Town Patrol
39:20 Crop Rotation
38:40 Two-Handed Swordsman
39:48 Ballistics
40:47 Chemistry
41:12 Two-Man Saw
40:02 Halberdier
41:22 Heavy Scorpion
42:20 Masonry
43:34 Conscription
44:57 Murder Holes
46:01 Iron Casting
47:48 Blast Furnace
47:03 Chain Mail Armor
48:29 Champion
50:40 Onager
51:41 Caravan
52:12 Coinage
51:53 Guilds
57:50 Perfusion
我想再等等
12:25 Feudal Age
10:43 Loom
18:16 Castle Age
22:06 Horse Collar
23:06 Double-Bit Axe
25:59 Fletching
26:11 Padded Archer Armor
27:59 Bodkin Arrow
28:55 Heavy Plow
29:13 Leather Archer Armor
30:15 Gold Mining
31:56 Wheelbarrow
32:04 Gold Shaft Mining
32:28 Bow Saw
37:16 Imperial Age
36:27 Murder Holes
36:47 Masonry
37:02 Ballistics
36:21 Pikeman
38:39 Hand Cart
38:05 Elite Longbowman
39:08 Yeomen
39:11 Conscription
39:14 Yeomen
38:17 Elite Longbowman
40:56 Chemistry
42:26 Hoardings
43:49 Bracer
44:20 Ring Archer Armor
44:34 Town Watch
51:04 Town Patrol
52:46 Two-Man Saw
54:39 Caravan
Connection lost

Rejoining the realm…

Still unreachable

The connection could not be restored.

Session expired

The server has moved on; the page needs a fresh start.